 Dungeon Crawl Stone Soup version 0.25.1-2-g60ff931df9 (webtiles) character file.

Game seed: 13099117267296022612

32 Almogavar the Shield-Bearer (level 3, 0/24 HPs)
             Began as a Gargoyle Fighter on Sept 20, 2020.
             Slain by Natasha (6 damage)
             ... on level 2 of the Dungeon.
             The game lasted 00:03:04 (991 turns).

Almogavar the Shield-Bearer (Gargoyle Fighter)       Turns: 991, Time: 00:03:04

Health: 0/24       AC: 10    Str: 20    XL:     3   Next: 27%
Magic:  3/3        EV:  7    Int:  8    God:
Gold:   36         SH:  9    Dex:  9    Spells: 2/2 levels left

rFire    . . .     SeeInvis .   a - +0 flail
rCold    . . .     Gourm    .   c - +0 kite shield
rNeg     + . .     Faith    .   b - +0 scale mail
rPois    ∞         Spirit   .   (no helmet)
rElec    +         Reflect  .   (no cloak)
rCorr    .         Harm     .   (no gloves)
MR       .....                  (no boots)
Stlth    ..........             (no amulet)
HPRegen  0.08/turn              (no ring)
MPRegen  0.08/turn              (no ring)

@: no status effects
A: negative energy resistance 1, electricity resistance, unbreathing,
petrification resistance, rot immunity, AC +3
a: no special abilities


You were on level 2 of the Dungeon.
You were not hungry.

You visited 1 branch of the dungeon, and saw 2 of its levels.

You collected 36 gold pieces.

Inventory:

Hand Weapons
 a - a +0 flail (weapon)
Armour
 b - a +0 scale mail (worn)
 c - a +0 kite shield (worn)
Scrolls
 i - 3 scrolls of remove curse
 n - a scroll of enchant armour
Potions
 d - a potion of might
 g - a potion of magic {unknown}
 j - a potion of curing {unknown}
 k - a potion of ambrosia {unknown}
 m - 2 potions of heal wounds {unknown}
Comestibles
 f - 2 rations
 h - a chunk of flesh


   Skills:
 + Level 3.6 Fighting
 + Level 2.5 Maces & Flails
 + Level 3.6 Armour
 + Level 3.7 Shields


You had 2 spell levels left.
You didn't know any spells.
Your spell library was empty.

Dungeon Overview and Level Annotations

Branches:
Dungeon (2/15)

Altars:

Annotations:
D:2 Natasha


Innate Abilities, Weirdness & Mutations

You are resistant to torment.
Your stone body is resilient. (AC +3)
You are immune to poison.
You resist negative energy. (rN+)
You are resistant to electric shocks. (rElec)
You can survive without breathing.
You are immune to petrification.
You are immune to rotting.


Message History

Natasha is lightly wounded.
Natasha barely misses you. You block the quokka's attack.
Natasha claws you but does no damage. You block the quokka's attack.
You closely miss Natasha.
Natasha is lightly wounded.
You block the quokka's attack.
Natasha mewls in sadness.
Natasha claws you.
A hobgoblin comes into view.
You miss Natasha.
Natasha is lightly wounded.
The hobgoblin shouts!
You block the quokka's attack. Natasha claws you.
The quokka bites you but does no damage.
Natasha stares at you and mumbles some strange words.
The magic dart hits you.
* * * LOW HITPOINT WARNING * * *
There is a stone staircase leading up here.
The quokka closely misses you. Natasha claws you.
You die...

## ... ....
.....
#.########......
#.....@rK...g...
####...h.....b..
#............
#......##....
#......# ...
#....... ..
#..(..... #
#.........


You could see Natasha, a quokka, a hobgoblin, a bat and a kobold.

Vanquished Creatures
  A dart slug (D:1)
  3 leopard geckos (D:1)
  4 giant cockroaches (D:1)
  8 goblins (D:1)
  2 kobolds (D:1)
  3 bats (D:1)
  A frilled lizard (D:1)
  2 rats (D:1)
24 creatures vanquished.

Notes
Turn   | Place    | Note
-------+----------+-------------------------------------------
     0 | D:1      | Almogavar the Gargoyle Fighter began the quest for the Orb.
     0 | D:1      | Reached XP level 1. HP: 14/14 MP: 1/1
     2 | D:1      | Noticed an octopode
     2 | D:1      | Noticed a spriggan
     4 | D:1      | Noticed a ghoul
     6 | D:1      | Noticed a tengu
     6 | D:1      | Noticed a troll
     8 | D:1      | Noticed a vampire
    10 | D:1      | Noticed a vine stalker
    10 | D:1      | Noticed an elf
    13 | D:1      | Noticed a formicid
    15 | D:1      | Noticed a centaur
    15 | D:1      | Noticed a felid
    17 | D:1      | Noticed a merfolk
    17 | D:1      | Noticed a gargoyle
    19 | D:1      | Noticed a naga
    19 | D:1      | Noticed a demonspawn
    21 | D:1      | Noticed a human
    21 | D:1      | Noticed a halfling
    23 | D:1      | Noticed a minotaur
    23 | D:1      | Noticed a dwarf
    25 | D:1      | Noticed a demigod
    27 | D:1      | Noticed a draconian
    27 | D:1      | Noticed an ogre
   244 | D:1      | Reached XP level 2. HP: 19/19 MP: 2/2
   639 | D:1      | Reached XP level 3. HP: 23/23 MP: 3/3
   979 | D:2      | Noticed Natasha
   991 | D:2      | Slain by Natasha

Illustrated notes

Levels and vault maps discovered:
D:1:      kb_arrival_jail, layout_basic, hangedman_abyss_or_decor_lesser_grid
D:2:      layout_basic, uniq_natasha

Action                   || total
-------------------------++-------
Melee: Flail             ||    87
  Use: Scroll            ||     3
Armor: Scale mail        ||    38
Dodge: Dodged            ||    34
Block: Kite shield       ||    47
